 Dungeon Crawl Stone Soup version 0.20.1-1-g8b1a95d (webtiles) character file.

105 con220 the Skirmisher (level 4, 0/40 HPs)
             Began as a Draconian Berserker on Oct 30, 2017.
             Was a Believer of Trog.
             Slain by an orc
             ... wielding a +0 dagger
              (2 damage)
             ... on level 4 of the Dungeon on Oct 31, 2017.
             The game lasted 00:17:17 (1733 turns).

con220 the Skirmisher (Draconian Berserker)         Turns: 1733, Time: 00:17:19

Health: 0/40       AC:  5    Str: 20    XL:     4   Next: 53%
Magic:  4/4        EV: 13    Int:  7    God:    Trog [**....]
Gold:   71         SH:  0    Dex: 11    Spells: 3/3 levels left

rFire    . . .     SeeInvis .   l - +0 short sword
rCold    . . .     Gourm    .   (no shield)
rNeg     . . .     Faith    .   (armour unavailable)
rPois    .         Spirit   .   (helmet restricted)
rElec    .         Reflect  .   (no cloak)
rCorr    .         Harm     .   (no gloves)
MR       .....                  (no boots)
Stlth    +.........             (no amulet)
Regen    0.2/turn               (no ring)
MPRegen  0.1/turn               (no ring)

@: no status effects
A: unfitting armour, cold-blooded, AC +5
a: Berserk, Trog's Hand, Burn Spellbooks, Renounce Religion


You were on level 4 of the Dungeon.
You worshipped Trog.
Trog was pleased with you.
You were not hungry.

You visited 1 branch of the dungeon, and saw 4 of its levels.

You collected 71 gold pieces.

Inventory:

Hand Weapons
 a - a +0 falchion
 h - a +0 falchion
 l - a +0 short sword (weapon)
Armour
 g - a +0 robe
 k - a +0 leather armour
Scrolls
 i - a scroll of random uselessness {unknown}
 j - a scroll of fear {unknown}
Potions
 c - a potion of might
Comestibles
 f - 2 meat rations


   Skills:
 + Level 4.0 Fighting
 + Level 0.6(2.2) Short Blades
 + Level 3.5(3.6) Long Blades
 + Level 3.7 Dodging
 + Level 1.1 Stealth


You had 3 spell levels left.
You didn't know any spells.

Dungeon Overview and Level Annotations

Branches:
Dungeon (4/15)
 Temple: D:4-7

Altars:


Innate Abilities, Weirdness & Mutations

Your plain brown scales are hard. (AC +5)
You cannot fit into any form of body armour.
You are cold-blooded and may be slowed by cold attacks.


Message History

The hound closely misses you. The orc hits you with a mace.
* * * LOW HITPOINT WARNING * * *
The hound barely misses you. The hound bites you.
* * * LOW HITPOINT WARNING * * *
The orc hits you but does no damage.
You closely miss the hound.
The hound is moderately wounded.
The hound barely misses you. The hound bites you.
* * * LOW HITPOINT WARNING * * *
The orc barely misses you. The orc hits you but does no damage.
The hound barely misses you.
You closely miss the hound.
The hound is moderately wounded.
The hound closely misses you.
The orc wizard gestures wildly while chanting.
The orc wizard flickers and vanishes!
Deactivating autopickup; reactivate with Ctrl-A.
The hound barely misses you. The hound bites you but does no damage.
The orc closely misses you. The orc hits you with a dagger.
You die...

#......... ###
#..# #..#....(.
#.. ...
#.)#...... #.#
#.. #..#......
#.#
#..#####.........
# # #..o..
#......... #
#.... #.........
#
#...####h.#...)..
#
#...o{oh@o#######
# #....####o# #
#...... ...+
#.#..####.##
#.#..# #.# ..#..#
#.# .. ...# #.#
### ##.. ..#


You could see 2 hounds and 4 orcs.

Vanquished Creatures
  Terence (D:3)
  A worker ant (D:4)
  An adder (D:2)
  An ooze (D:1)
  2 dart slugs
  3 leopard geckos
  4 orcs
  A giant cockroach (D:2)
  2 goblins
  2 hobgoblins (D:2)
  4 jackals (D:3)
  4 bats
  4 kobolds
  4 rats
34 creatures vanquished.

Notes
Turn   | Place    | Note
-------+----------+-------------------------------------------
     0 | D:1      | con220 the Draconian Berserker began the quest for the Orb.
     0 | D:1      | Reached XP level 1. HP: 19/19 MP: 1/1
   327 | D:1      | Reached XP level 2. HP: 25/26 MP: 2/2
   914 | D:2      | Reached XP level 3. HP: 33/33 MP: 3/3
  1302 | D:3      | Noticed Terence
  1330 | D:3      | Killed Terence
  1330 | D:3      | Reached ** piety under Trog
  1330 | D:3      | Reached skill level 4 in Fighting
  1330 | D:3      | Reached skill level 1 in Stealth
  1330 | D:3      | Reached XP level 4. HP: 40/40 MP: 4/4
  1732 | D:4      | HP: 2/40 [hound (2)]
  1733 | D:4      | Slain by an orc

Skill      XL: |  1  2  3 |
---------------+----------+-----
Dodging        | 3 |  3.7
Fighting       | 4 |  4.0
Stealth        | 1 |  1.1
Short Blades   | |  0.6
Long Blades    | |  3.5

Action                   |  1- 3 |  4- 6 || total
-------------------------+-------+-------++-------
Melee: Falchion          |    60 |       ||    60
       Tailslap          |     9 |     5 ||    14
       Short sword       |    23 |    48 ||    71
  Use: Potion            |     3 |     1 ||     4
       Scroll            |       |     4 ||     4
 Stab: Sleeping          |     1 |       ||     1
  Eat: Bread ration      |     1 |       ||     1
Armor: Skin              |    60 |    97 ||   157
Dodge: Dodged            |   101 |    85 ||   186
       Rpst.: Falchion   |    15 |       ||    15
